 Dungeon Crawl Stone Soup version 0.32-a0-981-g384da2ce10 (webtiles) character file.

Game seed: 14962281372678351984

74 trashops the Chopper (level 4, -4/40 HPs)
             Began as a Mountain Dwarf Fighter on Apr 20, 2024.
             Slain by a gnoll
             ... wielding a +0 halberd
              (8 damage)
             ... on level 4 of the Dungeon.
             The game lasted 00:03:49 (1988 turns).

trashops the Chopper (Mountain Dwarf Fighter)       Turns: 1988, Time: 00:03:50

Health: -4/40      AC: 16    Str: 23    XL:     4   Next: 10%
Magic:  13/13      EV:  8    Int:  9    God:
Gold:   144        SH:  4    Dex:  9    Spells: 3/3 levels left

rFire   . . .        a - +0 war axe (protect)
rCold   + + .        c - +0 buckler
rNeg    . . .        b - +0 scale mail
rPois   .            g - +0 helmet
rElec   +            (no cloak)
rCorr   .            (no gloves)
SInv    .            o - +0 pair of boots
Will    .....        (no amulet) Stlth
                     n - ring of protection from cold
HPRegen 0.26/turn    s - ring of Suspected Treachery {rElec rC+ MP+9 Str+3}
MPRegen 0.13/turn

%: no passive effects
@: under a protective aura
A: runic magic, artefact enchanting, screaming 1
a: no special abilities


You were on level 4 of the Dungeon.
You visited 1 branch of the dungeon, and saw 4 of its levels.

You collected 144 gold pieces.

Inventory:

Hand Weapons
 a - a +0 war axe of protection (weapon)
Armour
 b - a +0 scale mail (worn)
 c - a +0 buckler (worn)
 g - a +0 helmet (worn)
 o - a +0 pair of boots (worn)
Jewellery
 n - a ring of protection from cold (left hand)
 s - the ring of Suspected Treachery (right hand) {rElec rC+ MP+9 Str+3}
   (You found it on level 3 of the Dungeon)

   [ring of magical power]

   Str+3:     It affects your strength (+3).
   rC+:       It protects you from cold.
   rElec:     It insulates you from electricity.
   MP+9:      It affects your magic capacity (+9).
Scrolls
 l - 2 scrolls of teleportation
 r - a scroll of brand weapon
Potions
 d - a potion of might
 f - a potion of attraction
 h - 2 potions of magic
 i - a potion of degeneration
 j - a potion of berserk rage
 k - 3 potions of curing
 p - a potion of resistance {unknown}
 q - a potion of haste {unknown}
 t - a potion of enlightenment {unknown}


   Skills:
 + Level 3.8 Fighting
 * Level 4.0 Axes
 + Level 3.9 Armour
 + Level 3.5 Shields


You had 3 spell levels left.
You didn't know any spells.
Your spell library contained the following spells:

 Spells                   Type           Power      Damage    Failure   Level
 Sandblast                Erth           0%         2d4       52%         1
 Cigotuvi's Dreadful Rot  Necr/Alch/Air  0%         N/A       67%         2
 Mercury Vapours          Alch/Air       0%         N/A       67%         2
 Mephitic Cloud           Conj/Alch/Air  0%         N/A       88%         3
 Passwall                 Erth           0%         N/A       88%         3
 Stone Arrow              Conj/Erth      0%         3d7       88%         3
 Dispel Undead            Necr           0%         3d6       99%         4
 Martyr's Knell           Necr/Summ      0%         N/A       99%         4
 Freezing Cloud           Conj/Ice/Air   0%         6-21      100%        5


Dungeon Overview and Level Annotations

Branches:
Dungeon (4/15)
 Temple: D:4-7

Altars:
Ashenzari
Cheibriados
Qazlal
Xom


Innate Abilities, Weirdness & Mutations

Your spellcasting is much less encumbered by armour.
You can use scrolls of enchantment on lesser artefacts.
You occasionally shout uncontrollably at your foes.


Message History

Your Axes skill increases to level 4!
You have reached level 4!
You feel clever.
You closely miss the gnoll. The gnoll barely misses you.
You block the gnoll's attack.
You barely miss the gnoll.
The gnoll hits you from afar with a +0 halberd.
The gnoll hits you but does no damage.
You hit the gnoll but do no damage. The gnoll barely misses you.
The gnoll hits you but does no damage.
The gnoll hits you from afar with a +0 halberd.
The gnoll barely misses you.
You barely miss the gnoll.
The gnoll hits you from afar with a +0 halberd!
The gnoll completely misses you.
You hit the gnoll.
The gnoll is lightly wounded.
The gnoll closely misses you. The gnoll hits you but does no damage.
You hit the gnoll.
The gnoll is moderately wounded.
The gnoll hits you but does no damage. You block the gnoll's attack.
The gnoll hits you from afar with a +0 halberd!
* * * LOW HITPOINT WARNING * * *
The gnoll barely misses you.
You completely miss the gnoll.
The gnoll is moderately wounded.
The gnoll closely misses you. The gnoll barely misses you.
You closely miss the gnoll.
The gnoll is moderately wounded.
The gnoll hits you from afar with a +0 halberd!
* * * LOW HITPOINT WARNING * * *
The gnoll closely misses you.
You hit the gnoll but do no damage.
The gnoll is moderately wounded.
You block the gnoll's attack. The gnoll closely misses you.
The gnoll hits you but does no damage. The gnoll closely misses you.
It was a potion of mutation.
You feel extremely strange.
You feel the urge to shout.
The gnoll hits you from afar with a +0 halberd!
You die...

########
......# #g...#
#####..g.#
.....).@.######
######.........
##........
#...###.. ....#
. ?..## #..##
.... S...


You could see 2 gnolls.

Vanquished Creatures
  2 gnolls (D:4)
  An adder (D:3)
  An orc (D:3)
  An endoplasm (D:1)
  3 giant cockroaches
  7 hobgoblins
  5 kobolds
  2 quokkas (D:1)
  4 ball pythons
  3 bats
  3 frilled lizards
  7 goblins
  4 rats
43 creatures vanquished.

Notes
Turn   | Place    | Note
-------+----------+-------------------------------------------
     0 | D:1      | trashops the Mountain Dwarf Fighter began the quest for the
                  | Orb.
     0 | D:1      | Reached XP level 1. HP: 19/19 MP: 1/1
   249 | D:1      | Reached XP level 2. HP: 26/26 MP: 2/2
   570 | D:1      | Reached skill level 3 in Axes
   764 | D:2      | Found a snail-covered altar of Cheibriados.
  1001 | D:2      | Reached XP level 3. HP: 31/31 MP: 3/3
  1240 | D:3      | Found a stormy altar of Qazlal.
  1508 | D:3      | Found a shimmering altar of Xom.
  1565 | D:3      | Found a broken altar of Ashenzari.
  1634 | D:3      | Identified the ring of Suspected Treachery {rElec rC+ MP+9
                  | Str+3}
  1979 | D:4      | Reached skill level 4 in Axes
  1979 | D:4      | Reached XP level 4. HP: 27/40 MP: 4/4
  1988 | D:4      | Gained mutation: You occasionally shout uncontrollably at
                  | your foes. [potion of mutation]
  1988 | D:4      | Slain by a gnoll

Illustrated notes

Levels and vault maps discovered:
D:1:      amcnicky_arrival_choice, layout_basic
D:2:      layout_basic, basic_altar
D:3:      layout_basic, mainiacjoe_overflow_boulevard,
          mainiacjoe_overflow_paths, mainiacjoe_overflow_alcove_2
D:4:      layout_loops_ring, general_overflow_altar, grunt_temple_overflow_open,
          glass_columns_a, goddamned_bats, uniq_crazy_yiuf_cottage, uniq_duvessa

Skill      XL: |  1  2  3 |
---------------+----------+-----
Axes           | 3 4 |  4.0
Fighting       | |  3.8
Armour         | |  3.9
Shields        | |  3.5

Action                     |  1- 3 |  4- 6 || total
---------------------------+-------+-------++-------
  Melee: War axe           |   125 |     9 ||   134
    Use: Scroll            |     8 |       ||     8
         Potion            |       |     1 ||     1
 Armour: Scale mail        |    93 |    11 ||   104
  Dodge: Dodged            |    54 |    11 ||    65
  Block: Buckler           |    30 |     3 ||    33

Table legend: (Time is in decaauts)
 A = Elapsed time spent in this place.
 B = Non-inter-level travel time spent in this place.
 C = Inter-level travel time spent in this place.
 D = Time resting spent in this place.
 E = Time spent auto-exploring this place.
 F = Levels seen in this place.
 G = Mean time per level.
                   A        B        C        D        E       F      G
               +--------+--------+--------+--------+--------+-----+--------+
         Total |   2037 |   1948 |     89 |      0 |   1542 |   4 |  509.2 |
       Dungeon |   2037 |   1948 |     89 |      0 |   1542 |   4 |  509.2 |
               +--------+--------+--------+--------+--------+-----+--------+

Top non-repeatable levels by time:
     D:3: 765 daAuts
     D:1: 754 daAuts
     D:2: 498 daAuts
     D:4: 18 daAuts
